HSSL
H.H. DOW HS CHARGERS @ TEMISKAMING DISTRICT SECONDARY SCHOOL SAINTS
04/12/2026
 
TOP OF THE 1ST
H.H. Dow HS Chargers batting - Pitching for Temiskaming District Secondary School Saints : LHP Phil Bacon
Pitching: LHP Phil Bacon
Batting: RHB Mario Ramírez 0-0: Called Strike
0-1: Called Strike
0-2: Ball
1-2: Ball
2-2: Fly out, F2 (Popup, 2LF)
Batting: RHB Greg Scott 0-0: SINGLE (Groundball, 5D)
Batting: RHB Joe Wiggs 0-0: Called Strike
0-1: Called Strike
0-2: Grounds into double play, 1-6-3 (Groundball, 15)
Top of the 1st over - 0 run(s), 1 hit(s), 0 error(s), 0 left on base; H.H. Dow HS 0 - Temiskaming District Secondary School 0
BOTTOM OF THE 1ST
Temiskaming District Secondary School Saints batting - Pitching for H.H. Dow HS Chargers : RHP Junior Pineault
Pitching: RHP Junior Pineault
Batting: RHB George Gardner 0-0: Ball
1-0: Ball
2-0: Ball
3-0: Called Strike
3-1: Base on Balls
Batting: RHB Beau McNeill 0-0: Ball
1-0: Called Strike
1-1: Foul Ball, location: 2F
1-2: Strikes out looking
Batting: RHB Fred Moulds 0-0: Ball
1-0: Foul Ball, location: 2F
1-1: Grounds into double play, 5-4-3 (Groundball, 5L)
Bottom of the 1st over - 0 run(s), 0 hit(s), 0 error(s), 0 left on base; H.H. Dow HS 0 - Temiskaming District Secondary School 0
TOP OF THE 2ND
H.H. Dow HS Chargers batting - Pitching for Temiskaming District Secondary School Saints : LHP Phil Bacon
Batting: LHB T.J. Richardson 0-0: SINGLE (Groundball, 4M) (infield hit)
Batting: LHB Bob Coztana 0-0: Ball
T.J. Richardson is caught stealing 2nd base
1-0: Foul Ball, location: 2F
1-1: Ground out U3 (Groundball, 3)
Batting: LHB Foster Clark 0-0: Called Strike
0-1: Ball
1-1: Foul Ball, location: 2F
1-2: Ball
2-2: Ball
3-2: Foul Ball, location: 2F
3-2: Hit by Pitch
Batting: RHB Pat Turner 0-0: Ball
1-0: Ball
2-0: Ball
3-0: Called Strike
3-1: Called Strike
3-2: Base on Balls
Foster Clark to second
Batting: RHB Michael Ray 0-0: Called Strike
0-1: Swinging Strike
0-2: Ball
1-2: Fly out, F4 (Line Drive, 4)
Top of the 2nd over - 0 run(s), 1 hit(s), 0 error(s), 2 left on base; H.H. Dow HS 0 - Temiskaming District Secondary School 0
BOTTOM OF THE 2ND
Temiskaming District Secondary School Saints batting - Pitching for H.H. Dow HS Chargers : RHP Junior Pineault
Batting: RHB Walt Miller 0-0: Ball
1-0: Ground out 6-3 (Groundball, 6M)
Batting: LHB Carlos Músquez 0-0: Called Strike
0-1: Swinging Strike
0-2: Fly out, F8 (Flyball, 8RM)
Batting: RHB Bob Ferguson 0-0: Called Strike
0-1: Swinging Strike
0-2: Strikes out swinging
Bottom of the 2nd over - 0 run(s), 0 hit(s), 0 error(s), 0 left on base; H.H. Dow HS 0 - Temiskaming District Secondary School 0
TOP OF THE 3RD
H.H. Dow HS Chargers batting - Pitching for Temiskaming District Secondary School Saints : LHP Phil Bacon
Batting: RHB Keith Olson 0-0: Ball
1-0: Called Strike
1-1: Ball
2-1: Ball
3-1: Foul Ball, location: 2F
3-2: Base on Balls
Batting: RHB Mario Ramírez 0-0: Ball
1-0: Swinging Strike
1-1: Ball
2-1: Foul Ball, location: 2F
2-2: Foul Ball, location: 2F
2-2: Foul Ball, location: 2F
2-2: Foul Ball, location: 2F
2-2: Foul Ball, location: 2F
2-2: Foul Ball, location: 2F
2-2: Fielders Choice at 2nd, 1-4 (Groundball, 13S)
Batting: RHB Greg Scott 0-0: Ball
Throwing error on steal attempt, E2
Mario Ramírez to third
1-0: Ball
2-0: Swinging Strike
2-1: Called Strike
2-2: Ball
Wild Pitch!
Mario Ramírez scores
3-2: Strikes out swinging
Batting: RHB Joe Wiggs 0-0: Called Strike
0-1: Called Strike
0-2: DOUBLE (Line Drive, 5D)
Batting: LHB T.J. Richardson 0-0: Called Strike
0-1: Ball
1-1: Fly out, F7 (Flyball, 78M)
Top of the 3rd over - 1 run(s), 1 hit(s), 1 error(s), 1 left on base; H.H. Dow HS 1 - Temiskaming District Secondary School 0
BOTTOM OF THE 3RD
Temiskaming District Secondary School Saints batting - Pitching for H.H. Dow HS Chargers : RHP Junior Pineault
Batting: RHB John Weber 0-0: Called Strike
0-1: Ball
1-1: Foul Ball, location: 2F
1-2: SINGLE (Groundball, 6)
Batting: RHB Elliott Short 0-0: Ball
1-0: Foul Ball, location: 2F
1-1: Ball
2-1: Grounds into double play, 4-6-3 (Groundball, 4)
Batting: RHB José Ramírez 0-0: Foul Ball, location: 2F
0-1: Ground out 4-3 (Groundball, 4M)
Bottom of the 3rd over - 0 run(s), 1 hit(s), 0 error(s), 0 left on base; H.H. Dow HS 1 - Temiskaming District Secondary School 0
TOP OF THE 4TH
H.H. Dow HS Chargers batting - Pitching for Temiskaming District Secondary School Saints : LHP Phil Bacon
Batting: LHB Bob Coztana 0-0: Called Strike
0-1: Ground out 4-3 (Groundball, 4)
Batting: LHB Foster Clark 0-0: Ground out 5-3 (Groundball, 5S)
Batting: RHB Pat Turner 0-0: Fly out, F7 (Flyball, 78M)
Top of the 4th over - 0 run(s), 0 hit(s), 0 error(s), 0 left on base; H.H. Dow HS 1 - Temiskaming District Secondary School 0
BOTTOM OF THE 4TH
Temiskaming District Secondary School Saints batting - Pitching for H.H. Dow HS Chargers : RHP Junior Pineault
Batting: RHB George Gardner 0-0: Ball
1-0: Called Strike
1-1: Swinging Strike
1-2: Strikes out looking
Batting: RHB Beau McNeill 0-0: Foul Ball, location: 2F
0-1: Swinging Strike
0-2: Ball
1-2: Ball
2-2: Ball
3-2: Strikes out swinging
Batting: RHB Fred Moulds 0-0: Ball
1-0: Fly out, F5 (Popup, 56)
Bottom of the 4th over - 0 run(s), 0 hit(s), 0 error(s), 0 left on base; H.H. Dow HS 1 - Temiskaming District Secondary School 0
TOP OF THE 5TH
H.H. Dow HS Chargers batting - Pitching for Temiskaming District Secondary School Saints : LHP Phil Bacon
Batting: RHB Michael Ray 0-0: Called Strike
0-1: Foul Ball, location: 2F
0-2: DOUBLE (Line Drive, 8LM)
Batting: RHB Keith Olson 0-0: Ball
1-0: Ball
2-0: Called Strike
2-1: Called Strike
2-2: Foul Ball, location: 2F
2-2: Strikes out looking
Batting: RHB Mario Ramírez 0-0: SINGLE (Groundball, 56D)
Michael Ray to third
Runner from 3rd tries for Home, SAFE, no throw or cutoff
Pitching: RHP Fernando Mata
Batting: RHB Greg Scott 0-0: Called Strike
Mario Ramírez steals 2nd base
0-1: Called Strike
Mario Ramírez steals 3rd base
0-2: Strikes out swinging
Batting: RHB Joe Wiggs 0-0: Fly out, F9 (Flyball, 9LM)
Top of the 5th over - 1 run(s), 2 hit(s), 0 error(s), 1 left on base; H.H. Dow HS 2 - Temiskaming District Secondary School 0
BOTTOM OF THE 5TH
Temiskaming District Secondary School Saints batting - Pitching for H.H. Dow HS Chargers : RHP Junior Pineault
Batting: RHB Walt Miller 0-0: Fly out, F7 (Flyball, 7M)
Batting: LHB Carlos Músquez 0-0: Foul Ball, location: 2F
0-1: Fly out, F7 (Flyball, 7LS)
Batting: RHB Bob Ferguson 0-0: Ground out 6-3 (Groundball, 6)
Bottom of the 5th over - 0 run(s), 0 hit(s), 0 error(s), 0 left on base; H.H. Dow HS 2 - Temiskaming District Secondary School 0
TOP OF THE 6TH
H.H. Dow HS Chargers batting - Pitching for Temiskaming District Secondary School Saints : RHP Fernando Mata
Batting: LHB T.J. Richardson 0-0: Foul Ball, location: 2F
0-1: Ground out 4-3 (Groundball, 4)
Batting: LHB Bob Coztana 0-0: Ball
1-0: Foul Ball, location: 2F
1-1: Ball
2-1: Foul Ball, location: 2F
2-2: Foul Ball, location: 2F
2-2: Foul Ball, location: 2F
2-2: Ball
3-2: SINGLE (Groundball, 5D)
Batting: LHB Foster Clark 0-0: Ball
1-0: Fly out, F7 (Flyball, 7M)
Batting: RHB Pat Turner 0-0: Ball
1-0: Ball
2-0: Ball
3-0: Called Strike
3-1: Base on Balls
Bob Coztana to second
Batting: RHB Michael Ray 0-0: Foul Ball, location: 2F
0-1: Ball
1-1: Ball
2-1: Foul Ball, location: 2F
2-2: Foul Ball, location: 2F
2-2: Strikes out swinging
Top of the 6th over - 0 run(s), 1 hit(s), 0 error(s), 2 left on base; H.H. Dow HS 2 - Temiskaming District Secondary School 0
BOTTOM OF THE 6TH
Temiskaming District Secondary School Saints batting - Pitching for H.H. Dow HS Chargers : RHP Junior Pineault
Batting: RHB John Weber 0-0: Ball
1-0: Bunted foul
1-1: Ball
2-1: SOLO HOME RUN (Flyball, 7D), Distance : 380 ft
Batting: RHB Elliott Short 0-0: Called Strike
0-1: Foul Ball, location: 2F
0-2: Ball
1-2: Fly out, F9 (Line Drive, 89M)
Batting: RHB José Ramírez 0-0: Foul Ball, location: 2F
0-1: Reached on error, E6 (Groundball, 6)
Batting: RHB George Gardner 0-0: Foul Ball, location: 2F
0-1: Ball
1-1: Ball
2-1: Ball
3-1: Base on Balls
Batting: RHB Beau McNeill 0-0: Called Strike
0-1: Ball
1-1: Swinging Strike
1-2: Ball
2-2: Foul Ball, location: 2F
2-2: Strikes out swinging
Batting: RHB Fred Moulds 0-0: Foul Ball, location: 2F
0-1: Ball
1-1: Ball
2-1: DOUBLE (Line Drive, 8LD)
José Ramírez scores
George Gardner to third
Runner from 3rd tries for Home, SAFE, no throw or cutoff
Batting: RHB Walt Miller 0-0: Ball
1-0: Ball
2-0: Ball
3-0: Base on Balls
Batting: LHB Carlos Músquez 0-0: Swinging Strike
0-1: Ball
1-1: Called Strike
1-2: Ball
2-2: Foul Ball, location: 2F
2-2: Strikes out swinging
Bottom of the 6th over - 3 run(s), 2 hit(s), 1 error(s), 2 left on base; H.H. Dow HS 2 - Temiskaming District Secondary School 3
TOP OF THE 7TH
H.H. Dow HS Chargers batting - Pitching for Temiskaming District Secondary School Saints : RHP Fernando Mata
Batting: RHB Keith Olson 0-0: Ball
1-0: Ball
2-0: Called Strike
2-1: Swinging Strike
2-2: Ball
3-2: Base on Balls
Batting: RHB Mario Ramírez 0-0: Ground out U3 (Groundball, 3S)
Keith Olson to second
Pitching: RHP Tony Torres
Batting: RHB Greg Scott 0-0: Ball
1-0: Ball
2-0: Called Strike
2-1: Called Strike
2-2: Strikes out looking
Batting: RHB Joe Wiggs 0-0: Foul Ball, location: 2F
0-1: Ball
1-1: Called Strike
1-2: Ball
2-2: Ball
3-2: Base on Balls
Batting: LHB T.J. Richardson 0-0: Ball
1-0: Foul Ball, location: 2F
1-1: Foul Ball, location: 2F
1-2: Ball
2-2: Ball
3-2: Base on Balls
Keith Olson to third
Joe Wiggs to second
Batting: LHB Bob Coztana 0-0: Ball
1-0: Ball
2-0: Foul Ball, location: 2F
2-1: Ball
3-1: Base on Balls
Keith Olson scores
Joe Wiggs to third
T.J. Richardson to second
Batting: LHB Foster Clark 0-0: DOUBLE (Line Drive, 8RM)
Joe Wiggs scores
T.J. Richardson scores
Bob Coztana to third
Pinch Hitting: LHB Steven Gregory 0-0: Foul Ball, location: 2F
0-1: Called Strike
0-2: Ball
1-2: Ball
2-2: SINGLE (Line Drive, 6D)
Bob Coztana scores
Foster Clark to third
Batting: RHB Michael Ray 0-0: Ball
1-0: Swinging Strike
1-1: Ball
2-1: Ball
3-1: Foul Ball, location: 2F
3-2: Strikes out swinging
Top of the 7th over - 4 run(s), 2 hit(s), 0 error(s), 2 left on base; H.H. Dow HS 6 - Temiskaming District Secondary School 3
BOTTOM OF THE 7TH
Temiskaming District Secondary School Saints batting - Pitching for H.H. Dow HS Chargers : RHP Junior Pineault
Pitching: RHP Brad Hughes
Now in RF: Steven Gregory
Batting: RHB Bob Ferguson 0-0: Ball
1-0: Fly out, F9 (Flyball, 9M)
Batting: RHB John Weber 0-0: Ball
1-0: Swinging Strike
1-1: Ball
2-1: Called Strike
2-2: Strikes out swinging
Batting: RHB Elliott Short 0-0: Foul Ball, location: 2F
0-1: Foul Ball, location: 2F
0-2: Fly out, F4 (Popup, 4D)
Bottom of the 7th over - 0 run(s), 0 hit(s), 0 error(s), 0 left on base; H.H. Dow HS 6 - Temiskaming District Secondary School 3
TOP OF THE 8TH
H.H. Dow HS Chargers batting - Pitching for Temiskaming District Secondary School Saints : RHP Tony Torres
Batting: RHB Keith Olson 0-0: Ball
1-0: Foul Ball, location: 2F
1-1: Foul Ball, location: 2F
1-2: Ball
2-2: Ground out 6-3 (Groundball, 6)
Batting: RHB Mario Ramírez 0-0: SINGLE (Line Drive, 56D)
Batting: RHB Greg Scott 0-0: Fly out, F7 (Flyball, 78M)
Batting: RHB Joe Wiggs 0-0: Ball
1-0: Ball
2-0: Called Strike
2-1: Foul Ball, location: 2F
2-2: Reached on error, E5 (Groundball, 56)
Mario Ramírez to second
Batting: LHB T.J. Richardson 0-0: Called Strike
0-1: Foul Ball, location: 2F
0-2: Foul Ball, location: 2F
0-2: Ball
1-2: Ball
2-2: Ball
3-2: Base on Balls
Mario Ramírez to third
Joe Wiggs to second
Pitching: RHP Pedro Gallegos
Batting: LHB Bob Coztana 0-0: Ball
1-0: Ball
2-0: Swinging Strike
2-1: Swinging Strike
2-2: Ball
3-2: SINGLE (Flyball, 9LS)
Mario Ramírez scores
Joe Wiggs to third
T.J. Richardson to second
Joe Wiggs scores
T.J. Richardson to third
Batting: LHB Foster Clark 0-0: Ball
1-0: Foul Ball, location: 2F
1-1: Fly out, F8 (Flyball, 8LM)
Top of the 8th over - 2 run(s), 2 hit(s), 1 error(s), 2 left on base; H.H. Dow HS 8 - Temiskaming District Secondary School 3
BOTTOM OF THE 8TH
Temiskaming District Secondary School Saints batting - Pitching for H.H. Dow HS Chargers : RHP Brad Hughes
Batting: RHB José Ramírez 0-0: Called Strike
0-1: SINGLE (Popup, 6MD)
Batting: RHB George Gardner 0-0: Ball
1-0: Called Strike
1-1: Ball
2-1: Ball
3-1: Called Strike
3-2: Base on Balls
José Ramírez to second
Batting: RHB Beau McNeill 0-0: Called Strike
0-1: Ball
1-1: Ball
2-1: Called Strike
2-2: Fly out, F3 (Popup, 3F)
Batting: RHB Fred Moulds 0-0: Ball
1-0: Ball
2-0: Foul Ball, location: 2F
2-1: Foul Ball, location: 2F
2-2: Ball
3-2: SINGLE (Line Drive, 8RS)
José Ramírez to third
George Gardner to second
Pitching: RHP Juan Martínez
Batting: RHB Walt Miller 0-0: Ball
1-0: Fly out, F3 (Line Drive, 3S)
1-0: Lined into DP, U3 (Line Drive, 3S)
Bottom of the 8th over - 0 run(s), 2 hit(s), 0 error(s), 2 left on base; H.H. Dow HS 8 - Temiskaming District Secondary School 3
TOP OF THE 9TH
H.H. Dow HS Chargers batting - Pitching for Temiskaming District Secondary School Saints : RHP Pedro Gallegos
Batting: LHB Steven Gregory 0-0: Ball
1-0: Called Strike
1-1: Ball
2-1: Ground out 4-3 (Groundball, 4M)
Batting: RHB Michael Ray 0-0: Called Strike
0-1: SINGLE (Groundball, 13S) (infield hit)
Batting: RHB Keith Olson 0-0: Called Strike
0-1: Swinging Strike
0-2: Foul Ball, location: 2F
0-2: Ball
1-2: Strikes out looking
Batting: RHB Mario Ramírez 0-0: Called Strike
0-1: Ball
1-1: Fly out, F9 (Flyball, 89S)
Top of the 9th over - 0 run(s), 1 hit(s), 0 error(s), 1 left on base; H.H. Dow HS 8 - Temiskaming District Secondary School 3
BOTTOM OF THE 9TH
Temiskaming District Secondary School Saints batting - Pitching for H.H. Dow HS Chargers : RHP Juan Martínez
Batting: LHB Carlos Músquez 0-0: Foul Ball, location: 2F
0-1: SOLO HOME RUN (Flyball, 8RXD), Distance : 450 ft
Batting: RHB Bob Ferguson 0-0: Foul Ball, location: 2F
0-1: Foul Ball, location: 2F
0-2: SINGLE (Flyball, 89S)
Batting: RHB John Weber 0-0: Ball
1-0: Fly out, F9 (Popup, 34D)
Batting: RHB Elliott Short 0-0: Called Strike
0-1: Foul Ball, location: 2F
0-2: Strikes out swinging
Batting: RHB José Ramírez 0-0: Ball
1-0: Called Strike
1-1: Called Strike
1-2: Strikes out swinging
Bottom of the 9th over - 1 run(s), 2 hit(s), 0 error(s), 1 left on base; H.H. Dow HS 8 - Temiskaming District Secondary School 4
Monday, December 5th, 2016 - OOTP Baseball 17.12 Build 75